 Dungeon Crawl Stone Soup version 0.27-a0-1188-g73eefd5def (webtiles) character file.

Game seed: 6581428657942369335

65914 ZappyNine the Peltast (level 14, -8/116 HPs)
             Began as a Demigod Fighter on May 21, 2021.
             Killed from afar by an efreet (11 damage)
             ... with a fireball
             ... on level 3 of the Abyss.
             The game lasted 00:42:06 (15871 turns).

ZappyNine the Peltast (Demigod Fighter)            Turns: 15871, Time: 00:42:06

Health: -8/116     AC: 12    Str: 26    XL:     14   Next: 38%
Magic:  0/17       EV: 26    Int: 14    God:
Gold:   1728       SH: 19    Dex: 35    Spells: 13/13 levels left

rFire    + . .     SeeInvis .   n - +7 Singing Sword {vorpal, sonic wave}
rCold    + + +     Faith    .   c - +2 kite shield
rNeg     . . .     Spirit   +   R - +0 troll leather armour
rPois    +         Reflect  .   L - +2 hat
rElec    +         Harm     .   e - +0 cloak of Ikuerefu {rPois Will+ Str+7 Int+4}
rCorr    +         Rampage  .   Q - +2 pair of gloves
Will     ++...                  t - +0 pair of boots
Stlth    +++.......             V - amulet of guardian spirit
HPRegen  1.29/turn              h - +6 ring of dexterity
MPRegen  0.15/turn              j - ring of poison resistance

@: resistant (expiring), hasted, very quick
A: high mp 1, forlorn, camouflage 1, cold resistance 2, strong 1, [no potion
heal 2]
a: no special abilities


You were on level 3 of the Abyss.
You visited 3 branches of the dungeon, and saw 20 of its levels.
You visited the Abyss 1 time.
You also visited: Gauntlet.

You collected 2069 gold pieces.
You spent 341 gold pieces at shops.

Inventory:

Hand Weapons
 a - a +0 long sword
 g - a +4 whip of electrocution
 n - the +7 Singing Sword (weapon) {vorpal, sonic wave}
   (You found it on level 4 of the Dungeon)

   It inflicts extra damage upon your enemies.
 o - a +4 eudemon blade of holy wrath
Missiles
 G - 5 curare-tipped darts (quivered)
 O - 5 atropa-tipped darts
 P - 2 throwing nets
Armour
 c - a +2 kite shield (worn)
 e - the +0 cloak of Ikuerefu (worn) {rPois Will+ Str+7 Int+4}
   (You acquired it on level 5 of the Dungeon)

   It affects your strength (+7).
   It affects your intelligence (+4).
   It protects you from poison.
   It increases your willpower.
 p - a scarf of repulsion
 t - a +0 pair of boots (worn)
 L - a +2 hat (worn)
 Q - a +2 pair of gloves (worn)
 R - a +0 troll leather armour (worn)
Jewellery
 f - a ring of flight
 h - a +6 ring of dexterity (left hand)
 j - a ring of poison resistance (right hand)
 k - a ring of willpower
 w - a ring of protection from fire
 z - a +4 ring of protection
 S - a ring of ice
 V - an amulet of guardian spirit (around neck)
Wands
 y - a wand of paralysis (11)
 F - a wand of flame (64)
 J - a wand of acid (8)
Scrolls
 b - 7 scrolls of identify
 d - 4 scrolls of magic mapping
 i - 3 scrolls of amnesia
 l - 2 scrolls of enchant weapon
 s - 6 scrolls of teleportation
 C - a scroll of holy word
 E - a scroll of fog
 H - 3 scrolls of fear
 K - 4 scrolls of blinking
Potions
 m - 3 potions of flight
 q - 2 potions of curing
 r - 2 potions of lignification
 A - a potion of berserk rage
 B - 2 potions of magic
 D - a potion of mutation
 I - 7 potions of ambrosia
 M - 2 potions of cancellation
 N - 2 potions of attraction
Miscellaneous
 u - a phantom mirror


   Skills:
 - Level 8.9 Fighting
 - Level 11.0 Long Blades
 - Level 3.5 Maces & Flails
 + Level 5.3 Armour
 + Level 11.5 Dodging
 * Level 15.2 Shields


You had 13 spell levels left.
You didn't know any spells.
Your spell library contained the following spells:

 Spells                   Type           Power      Damage    Failure   Level
 Animate Skeleton         Necr           0%         N/A       32%         1
 Apportation              Tloc           0%         N/A       32%         1
 Corona                   Hex            0%         N/A       32%         1
 Freeze                   Ice            0%         1d3       32%         1
 Pain                     Necr           0%         1d4       32%         1
 Summon Small Mammal      Summ           0%         N/A       32%         1
 Frozen Ramparts          Ice            0%         1d2       67%         3
 Ozocubu's Armour         Ice            0%         N/A       67%         3
 Vampiric Draining        Necr           0%         2d6       67%         3
 Animate Dead             Necr           0%         N/A       97%         4
 Hailstorm                Conj/Ice       0%         3d3       97%         4
 Agony                    Necr           0%         N/A       100%        5
 Bolt of Magma            Conj/Fire/Erth 0%         4d4       100%        5
 Iskenderun's Battlesphe  Conj           0%         2d6       100%        5
 Metabolic Englaciation   Hex/Ice        0%         N/A       100%        5
 Iron Shot                Conj/Erth      0%         9d1       100%        6
 Orb of Destruction       Conj           0%         N/A       100%        7
 Spellforged Servitor     Conj/Summ      0%         N/A       100%        7


Dungeon Overview and Level Annotations

Branches:
Dungeon (13/15)            Temple (1/1) D:4            Lair (6/6) D:10
  Swamp (0/4) Lair:3       Spider (0/4) Lair:2          Orc (0/2) D:11
Gauntlet (visited)
  Slime: Lair:5-6    Vaults: D:13-14

Shops:
D:2 [   D:6 ***   D:8 [(   D:9 :

Portals:
Abyss: D:5

Annotations:
D:5 2 runed translucent doors, Eustachio
D:8 2 runed translucent doors


Innate Abilities, Weirdness & Mutations

Your attributes grow dramatically as you level up.
You have an increased reservoir of magic. (+10% MP)
You shall have no god before yourself.
Your skin changes colour to match your surroundings (Stealth+).
Your flesh is very cold resistant. (rC++)
Your muscles are strong. (Str +2)
[Potions cannot restore your health.]


Message History

You destroy the tentacled starspawn!
The starcursed mass is severely damaged.
You destroy the wretched star!
An efreet comes into view.
It is wielding a +0 scimitar of flaming.
You feel the corruption within you wane somewhat.
Your urge to scream lessens.
Your magic regains its normal vibrancy.
Your Armour skill increases to level 5!
Unknown command.
Unknown command.
You yell at the efreet!
An efreet comes into view.
It is wielding a +0 scimitar of flaming.
The substance of the Abyss twists violently, and a gateway leading out appears!
A rakshasa comes into view.
It is wielding a +0 whip and wearing the +8 chain mail of Dishonesty {rElec rPois Str+3}.
The starcursed mass shrieks in your mind.
* * * LOW HITPOINT WARNING * * *
There is a gateway leading out of the Abyss here.
You see here a +1 scimitar of flaming.
Unknown command.
You have no ailments to cure.
Unknown command.
You hit the starcursed mass.
The Singing Sword howls, "BAPTISED IN BLOOD I AM!"
You send a blast of sound all around you.
The monsters around you are blasted!
The large abomination is almost destroyed.
You destroy the starcursed mass!
The rakshasa is moderately wounded.
The efreet is almost dead. x2
You destroy the starcursed mass!
You feel the corruption within you wane somewhat.
Your body's shape seems more normal.
Your urge to shout disappears.
Unknown command.
Unknown command.
Unknown command.
You have no ailments to cure.
Unknown command.
A white draconian comes into view. It is wielding a +0 dire flail.
The efreet gestures at you.
The fireball explodes!
The fireball engulfs you! You resist.
You die...

.. #. ##+# #..
..## .##.. .).+
.'...##.† ######
#....#)###.#..#
#...#....##
#.⌠#X§@.....# ##
# #§.§#....## #
..# #
#.#'#####...###..
. d.##.R
#.####.## . #...
...' .#.. .##
+..# R.##. ...# .
##. ##R# .##.. #
. .# .. #○° ##.#.
.... X# ##... ###
..


You could see a white draconian, a rakshasa, a large abomination and 2 efreet.

Vanquished Creatures
  Rupert (Lair:5)
  Jorgrun (D:12)
  A tentacled starspawn (Abyss:3)
  Kirke (D:12)
  A daeva (Abyss:3)
  A deep elf demonologist (Abyss:3)
  A black draconian (Abyss:3)
  Azrael (D:12)
  2 dire elephants
  Snorg (D:10)
  2 boulder beetles
  3 hydras
  3 catoblepae
  4 two-headed ogres
  3 death yaks (D:10)
  A death knight (D:13)
  Sonja (D:13)
  2 wretched stars (Abyss:3)
  A lindwurm (Lair:5)
  An orb spider (Lair:2)
  A deep elf pyromancer (D:12)
  2 oklob plants (Lair:4)
  2 ugly things
  A manticore (D:7)
  A cyclops (D:11)
  10 elephants
  4 black mambas
  A torpor snail (Lair:5)
  2 smoke demons (Abyss:3)
  14 cane toads
  2 rime drakes
  An unseen horror (D:12)
  2 efreet (Abyss:3)
  10 komodo dragons
  A queen bee (D:11)
  3 trolls
  2 polar bears
  A hornet (Lair:3)
  2 large abominations (Abyss:3)
  A blink frog (shapeshifter) (D:9)
  4 blink frogs
  Grinder (D:3)
  3 dream sheep (Lair:5)
  3 starcursed masses (Abyss:3)
  A vampire (D:12)
  Sigmund (D:3)
  2 wraiths
  5 wyverns
  3 hogs (D:12)
  49 yaks
  A small abomination (Abyss:3)
  A ynoxinul (Abyss:3)
  2 neqoxecs (Abyss:3)
  2 steam dragons
  4 basilisks
  An acid dragon (D:10)
  Duvessa (D:4)
  4 hell hounds (D:12)
  13 water moccasins
  A black bear (Lair:2)
  An ice beast (D:7)
  6 orc warriors
  18 wolves
  4 centaurs
  2 ogres
  3 kobold brigands
  11 bullfrogs
  2 gnoll sergeants (D:8)
  2 scorpions (D:6)
  Dowan (D:4)
  A water moccasin skeleton (D:7)
  17 killer bees (D:11)
  9 wights
  An electric eel (Lair:1)
  8 howler monkeys
  A bullfrog zombie (D:5)
  A centaur zombie (D:7)
  6 orc priests
  7 hounds
  A jelly (D:6)
  A gnoll shaman (D:5)
  3 iguanas
  Ijyb (D:3)
  10 orc wizards
  11 hell rats
  A killer bee zombie (D:7)
  A hound zombie (D:5)
  20 gnolls
  A howler monkey zombie (D:7)
  6 adders
  A river rat (D:3)
  A shadow imp (D:7)
  A white imp (D:5)
  An ufetubus (D:5)
  An adder skeleton (D:4)
  A worm (D:3)
  5 dart slugs
  43 orcs
  9 endoplasms
  3 giant cockroaches
  8 goblins
  7 hobgoblins
  7 jackals
  4 quokkas
  8 ball pythons
  2 bats
  2 frilled lizards
  A jackal zombie (D:8)
  20 kobolds
  A kobold zombie (D:8)
  7 rats
  A spectral goblin (D:8)
  2 starspawn tentacles (Abyss:3)
490 creatures vanquished.

Vanquished Creatures (others)
  A human (D:12)
  70 fungi
  A lurking horror (Abyss:3)
  101 plants
173 creatures vanquished.

Grand Total: 663 creatures vanquished

Notes
Turn   | Place    | Note
-------+----------+-------------------------------------------
     0 | D:1      | ZappyNine the Demigod Fighter began the quest for the Orb.
     0 | D:1      | Reached XP level 1. HP: 18/18 MP: 3/3
   105 | D:1      | Reached skill level 1 in Dodging
   189 | D:1      | Reached XP level 2. HP: 25/25 MP: 4/4
   979 | D:1      | Reached XP level 3. HP: 30/30 MP: 5/5
  1225 | D:2      | Found Ykhluamu's Armour Shop.
  1925 | D:3      | Noticed Sigmund
  2046 | D:3      | Killed Sigmund
  2047 | D:3      | Reached XP level 4. HP: 10/40 MP: 6/6
  2047 | D:3      | Reached XP level 5. HP: 11/46 MP: 7/7
  2285 | D:3      | Identified a scroll of acquirement
  2285 | D:3      | Acquired 622 gold pieces
  2313 | D:3      | Noticed Ijyb
  2315 | D:3      | Paralysed by Ijyb for 6 turns
  2328 | D:3      | Killed Ijyb
  2695 | D:3      | Noticed Grinder
  2707 | D:3      | Killed Grinder
  2708 | D:3      | Reached XP level 6. HP: 33/53 MP: 8/8
  2721 | D:3      | Reached skill level 5 in Dodging
  3389 | D:4      | Reached skill level 1 in Maces & Flails
  3576 | D:4      | Reached XP level 7. HP: 58/60 MP: 9/9
  3750 | D:4      | Noticed Dowan
  3753 | D:4      | Noticed Duvessa
  3759 | D:4      | Killed Duvessa
  3760 | D:4      | Killed Dowan
  3816 | D:4      | Found the +7 Singing Sword {vorpal, sonic wave}
  4053 | D:4      | Found a staircase to the Ecumenical Temple.
  4065 | Temple   | Entered the Ecumenical Temple
  4370 | D:5      | Entered Level 5 of the Dungeon
  4404 | D:5      | Reached skill level 5 in Fighting
  4523 | D:5      | Found a one-way gate to the infinite horrors of the Abyss.
  4523 | D:5      | Identified the +6 rapier of Freezing Valiance {distort,
                  | rElec rC+++ Dex-2 Stlth-}
  4627 | D:5      | Found a large runed translucent door.
  4628 | D:5      | Found a large runed translucent door.
  4635 | D:5      | Noticed Eustachio
  4763 | D:5      | Acquired the +0 cloak of Ikuerefu {rPois Will+ Str+7 Int+4}
  4922 | D:5      | Reached XP level 8. HP: 69/69 MP: 10/10
  5413 | D:6      | Reached skill level 5 in Long Blades
  5631 | D:6      | Reached XP level 9. HP: 68/74 MP: 11/11
  5635 | D:6      | Found Soergh's Assorted Antiques.
  5877 | D:6      | Found Zidigy's General Store.
  6028 | D:6      | Found Gith's Assorted Antiques.
  6031 | D:6      | Bought a glowing fluorescent amulet for 160 gold pieces
  6343 | D:7      | Noticed a manticore
  6498 | D:7      | Killed a manticore
  6860 | D:7      | Reached skill level 3 in Shields
  7348 | D:8      | Found Wovvieg's Armour Shop.
  7431 | D:8      | Found Xeihat's Antique Weapon Shop.
  7602 | D:8      | Found a runed translucent door.
  7611 | D:8      | Found a runed translucent door.
  7614 | D:8      | Noticed a sixfirhy
  7930 | D:9      | Reached skill level 4 in Shields
  7930 | D:9      | Reached XP level 10. HP: 83/83 MP: 13/13
  8402 | D:9      | Found Orodofasm's Book Shoppe.
  8450 | D:10     | Entered Level 10 of the Dungeon
  8461 | D:10     | Reached skill level 5 in Shields
  8468 | D:10     | Reached skill level 6 in Shields
  8732 | D:8      | Bought a +2 pair of gloves for 181 gold pieces
  8862 | D:10     | Noticed a death yak
  8864 | D:10     | Noticed Snorg
  8865 | D:10     | Noticed a death yak
  8865 | D:10     | Noticed a two-headed ogre
  8866 | D:10     | Noticed a death yak
  8867 | D:10     | Found a staircase to the Lair.
  8872 | D:10     | Killed a death yak
  8872 | D:10     | Killed Snorg
  8872 | D:10     | Killed a two-headed ogre
  8873 | D:10     | Reached skill level 10 in Long Blades
  8873 | D:10     | Reached skill level 7 in Shields
  8873 | D:10     | Reached XP level 11. HP: 91/92 MP: 14/14
  8874 | D:10     | Killed a death yak
  8874 | D:10     | Killed a death yak
  8875 | D:10     | Reached skill level 8 in Shields
  9557 | D:11     | You are sucked into a shaft and drop 2 floors!
  9583 | D:12     | Found a gate leading to a gauntlet.
  9601 | Gauntlet | Entered a Gauntlet
  9601 | Gauntlet | Found a transporter.
  9601 | Gauntlet | Found a transporter.
  9604 | Gauntlet | Found a transporter.
  9604 | Gauntlet | Found a transporter.
  9604 | Gauntlet | Noticed a wizard
  9605 | Gauntlet | Noticed a catoblepas
  9607 | Gauntlet | Found a transporter.
  9645 | Gauntlet | Noticed a large abomination
  9646 | Gauntlet | Found a transporter.
  9649 | Gauntlet | Found the +8 arc blade {discharge, rElec}
  9649 | Gauntlet | Found a transporter.
  9649 | Gauntlet | Found a transporter.
  9653 | Gauntlet | Found a runed translucent door.
  9670 | Gauntlet | Found a transporter.
  9678 | Gauntlet | Found a transporter.
  9679 | Gauntlet | Found a runed translucent door.
  9681 | Gauntlet | Noticed a glowing orange brain
  9688 | Gauntlet | Found a transporter.
  9691 | Gauntlet | Noticed a dire elephant
  9772 | D:12     | Noticed Azrael
  9785 | D:12     | Killed Azrael
  9788 | D:12     | Noticed Kirke
  9841 | D:12     | Reached skill level 9 in Shields
  9842 | D:12     | Killed Kirke
  9855 | D:12     | Noticed Jorgrun
  9867 | D:12     | Killed Jorgrun
 10356 | D:12     | Noticed a deep elf pyromancer
 10359 | D:12     | Killed a deep elf pyromancer
 10360 | D:12     | Reached skill level 10 in Shields
 10360 | D:12     | Reached XP level 12. HP: 85/103 MP: 15/15
 10742 | D:11     | Found a staircase to the Orcish Mines.
 10881 | D:11     | Reached skill level 11 in Shields
 11254 | D:13     | Noticed Sonja
 11254 | D:13     | Noticed a catoblepas
 11258 | D:13     | Noticed a death knight
 11259 | D:13     | Killed a catoblepas
 11261 | D:13     | Killed Sonja
 11270 | D:13     | Killed a death knight
 11393 | D:13     | Identified the +3 shortbow "Ulyiq" {flame, rC+}
 11475 | D:13     | Noticed a seven-headed hydra
 11669 | Lair:1   | Entered Level 1 of the Lair of Beasts
 11856 | Lair:1   | Noticed an eight-headed hydra
 11871 | Lair:1   | Killed a 16-headed hydra
 11872 | Lair:1   | Reached skill level 12 in Shields
 12583 | Lair:2   | Noticed a four-headed hydra
 12590 | Lair:2   | Killed a seven-headed hydra
 12658 | Lair:2   | Reached XP level 13. HP: 110/110 MP: 16/16
 13073 | Lair:2   | Found a hole to the Spider Nest.
 13091 | Lair:2   | Reached skill level 13 in Shields
 13413 | Lair:3   | Gained mutation: You are frail. (-10% HP) [potion of
                  | mutation]
 13413 | Lair:3   | Gained mutation: You passively map a small area around you.
                  | [potion of mutation]
 13413 | Lair:3   | Gained mutation: You have a pair of small horns on your
                  | head. [potion of mutation]
 13418 | Lair:3   | Reached skill level 10 in Dodging
 13418 | Lair:3   | Lost mutation: You passively map a small area around you.
                  | [potion of mutation]
 13418 | Lair:3   | Lost mutation: You are frail. (-10% HP) [potion of
                  | mutation]
 13418 | Lair:3   | Lost mutation: You have a pair of small horns on your head.
                  | [potion of mutation]
 13418 | Lair:3   | Gained mutation: Your muscles are strong. (Str +2) [potion
                  | of mutation]
 13418 | Lair:3   | Gained mutation: Your skin changes colour to match your
                  | surroundings (Stealth+). [potion of mutation]
 13418 | Lair:3   | Gained mutation: Your flesh is cold resistant. (rC+)
                  | [potion of mutation]
 13418 | Lair:3   | Gained mutation: Your flesh is very cold resistant. (rC++)
                  | [potion of mutation]
 13598 | Lair:3   | Found a staircase to the Swamp.
 14650 | Lair:4   | Noticed a dire elephant
 14660 | Lair:4   | Killed a dire elephant
 14661 | Lair:4   | Reached skill level 14 in Shields
 15225 | Lair:5   | Noticed Rupert
 15243 | Lair:5   | Killed Rupert
 15587 | Lair:6   | Entered Level 6 of the Lair of Beasts
 15667 | Lair:6   | Reached XP level 14. HP: 116/116 MP: 17/17
 15759 | Lair:6   | Cast into level 3 of the Abyss (a wizard)
 15796 | Abyss:3  | Noticed a daeva
 15822 | Abyss:3  | Killed a daeva
 15860 | Abyss:3  | Noticed a tentacled starspawn
 15868 | Abyss:3  | Reached skill level 15 in Shields
 15868 | Abyss:3  | Killed a tentacled starspawn
 15869 | Abyss:3  | Reached skill level 5 in Armour
 15869 | Abyss:3  | Identified the +8 chain mail of Dishonesty {rElec rPois
                  | Str+3}
 15869 | Abyss:3  | HP: 1/116 [starcursed mass/accursed screaming (7)]
 15871 | Abyss:3  | Killed from afar by an efreet

Illustrated notes

Levels and vault maps discovered:
D:1:      lightli_molten_gateway, layout_loops_ring
D:2:      layout_loops_ring, serial_shops, shop, minmay_misc_feat_rows,
          minivault_26
D:3:      layout_rooms, jmf_multi_god_temple, serial_forest,
          infiniplex_forest_clump_double, infiniplex_forest_lined_room_2,
          infiniplex_forest_clump_cross, infiniplex_forest_lined_room_,
          infiniplex_forest_end_2, infiniplex_forest_lined_room_3,
          infiniplex_forest_lined_corner, infiniplex_forest_lined_corner,
          gup_sewer_entry_spiral, uniq_ijyb, uniq_sigmund, uniq_grinder
D:4:      layout_cave_pools, lemuel_round_altar, minmay_temple_entry_fiery,
          minivault_27, uniq_duvessa
D:5:      due_chaos_kobolds, layout_basic, uniq_eustachio
D:6:      layout_loops_ring, trog_butcher_becter, lemuel_round_altar,
          serial_shops, kennysheep_mini_moat, kennysheep_mini,
          nicolae_shop_competitors_out_of_business
D:7:      layout_basic, kb_rosetta
D:8:      layout_cave_pools, dk_yredelemnul_ordeal,
          nicolae_hepliaklqana_monster_ancestors, nzn_makhleb_speed_demon,
          serial_gnoll_camp, gnoll_camp_mini_sergeant, gnoll_camp_mini_house,
          gnoll_camp_mini_shop, gnoll_camp_mini_shop
D:9:      layout_big_octagon, serial_shops, kennysheep_little_box
D:10:     layout_irregular_city, lemuel_round_altar, dpeg_lair_monsters,
          uniq_snorg
D:11:     layout_small_grid, david_orc_2, special_room [special_room_bee]
D:12:     layout_loops_corners, gauntlet_entry_generic, nrook_uturn,
          uniq_jorgrun, uniq_kirke, uniq_azrael
D:13:     kennysheep_windowed_halls, layout_loops_corners, uniq_sonja
Temple:   nicolae_temple_figure_eight
Lair:1:   layout_roguey, guppyfry_lair_drakes, infiniplex_staircase_pool_2,
          serial_bayou_shore_b
Lair:2:   layout_loops_ring, nicolae_spider_entry_orb_guardian,
          lemuel_fruit_fields
Lair:3:   layout_misc_corridors, minmay_swamp_entry_worms, special_room
Lair:4:   beast_lair_carwin_large_1, layout_hall_layers, hangedman_tree_tricks,
          grunt_megastairs_4
Lair:5:   layout_long_grid, lemuel_fruit_tree, uniq_rupert
Lair:6:   evil_forest, layout_big_grid, slime_altar_2
Abyss:3:  base: Temple, hangedman_abyss_town, hangedman_abyss_or_decor_stabs,
          hangedman_decor_lopped, hangedman_abyss_town,
          hangedman_shadowy_showcase, minivault_4, hangedman_elemental_corridor

Skill      XL: |  1  2  3  4  5  6  7  8  9 10 11 12 13 14 |
---------------+-------------------------------------------+-----
Dodging        | 1 2 4 5 6 7 9 11 | 11.5
Fighting       | 3 4 5 6 7 8 |  8.9
Maces & Flails | 2 3 |  3.5
Long Blades    | 4 7 9 10 11 | 11.0
Shields        | 4 7 10 12 14 15 | 15.2
Armour         | 3 5 |  5.3

Action                   |  1- 3 |  4- 6 |  7- 9 | 10-12 | 13-15 || total
-------------------------+-------+-------+-------+-------+-------++-------
Melee: Long sword        |    43 |       |       |       |       ||    43
       Whip              |    72 |   105 |     6 |       |       ||   183
       Double sword      |       |       |   139 |   292 |   309 ||   740
  Use: Potion            |     1 |     3 |       |    10 |    10 ||    24
       Scroll            |       |     8 |    11 |     8 |       ||    27
 Stab: Sleeping          |       |       |       |     6 |     6 ||    12
       Invisible         |       |       |       |     4 |       ||     4
       Distracted        |       |       |       |     1 |     5 ||     6
       Petrified         |       |       |       |       |     3 ||     3
Armor: Scale mail        |    45 |    23 |    22 |     8 |       ||    98
       Troll leather arm |       |       |       |    46 |    29 ||    75
Dodge: Dodged            |    24 |    31 |    83 |   200 |   166 ||   504
       Repelled          |       |       |     1 |       |       ||     1
Block: Kite shield       |    60 |    47 |    94 |   246 |   274 ||   721
       Rpst.: Long sword |     7 |       |       |       |       ||     7
       Double sword      |       |       |    27 |    29 |    45 ||   101

Table legend: (Time is in decaauts)
 A = Elapsed time spent in this place.
 B = Non-inter-level travel time spent in this place.
 C = Inter-level travel time spent in this place.
 D = Time resting spent in this place.
 E = Time spent auto-exploring this place.
 F = Levels seen in this place.
 G = Mean time per level.
                   A        B        C        D        E       F      G
               +--------+--------+--------+--------+--------+-----+--------+
         Total |  16069 |  15240 |    829 |   1918 |  10121 |  22 |  730.4 |
       Dungeon |  11573 |  10909 |    664 |   1653 |   7251 |  13 |  890.2 |
        Temple |    209 |    200 |      9 |      0 |    200 |   1 |  209.0 |
          Lair |   4081 |   3925 |    156 |    262 |   2670 |   6 |  680.2 |
         Abyss |     91 |     91 |      0 |      2 |      0 |   1 |   91.0 |
      Gauntlet |    113 |    113 |      0 |      0 |      0 |   1 |  113.0 |
               +--------+--------+--------+--------+--------+-----+--------+

Top non-repeatable levels by time:
     D:1: 1164 daAuts
     D:3: 1152 daAuts
     D:2: 1136 daAuts
    D:12: 1085 daAuts
     D:7: 1039 daAuts
     D:5: 1038 daAuts
  Lair:4: 1008 daAuts
    D:10: 996 daAuts
  Lair:1: 840 daAuts
     D:4: 834 daAuts
     D:8: 793 daAuts
     D:6: 769 daAuts
  Lair:2: 740 daAuts
  Lair:3: 674 daAuts
  Lair:5: 647 daAuts
